 Dungeon Crawl Stone Soup version 0.20-a0-1006-ge6c5631 (webtiles) character file.

36 FastMan the Shield-Bearer (level 3, -1/29 HPs)
             Began as a Formicid Fighter on Apr 14, 2017.
             Slain by Grinder (6 damage)
             ... on level 3 of the Dungeon.
             The game lasted 00:00:40 (962 turns).

FastMan the Shield-Bearer (Formicid Fighter)         Turns: 962, Time: 00:00:41

Health: -1/29      AC:  6    Str: 25    XL:     3   Next: 57%
Magic:  3/3        EV:  8    Int:  7    God:
Gold:   145        SH: 10    Dex: 11    Spells: 2/2 levels left

rFire    . . .     SeeInvis +   a - +0 war axe
rCold    . . .     Gourm    .   c - +0 shield
rNeg     . . .     Faith    .   b - +0 scale mail
rPois    .         Spirit   .   (helmet unavailable)
rElec    .         Reflect  .   (no cloak)
rCorr    .         Harm     .   (no gloves)
MR       .....                  (no boots)
Stlth    ..........             (no amulet)
Regen    0.1/turn               (no ring)
MPRegen  0.1/turn               (no ring)

@: mighty
A: permanent stasis, dig shafts and tunnels, four strong arms, antennae 3
a: Dig, Shaft Self


You were on level 3 of the Dungeon.
You were not hungry.

You visited 1 branch of the dungeon, and saw 3 of its levels.

You collected 145 gold pieces.

Inventory:

Hand Weapons
 a - a +0 war axe (weapon)
Armour
 b - a +0 scale mail (worn)
 c - a +0 shield (worn)
 k - a +0 pair of boots
Scrolls
 e - 2 scrolls of noise {unknown}
 g - 3 scrolls of fear {unknown}
 h - 2 scrolls of amnesia {unknown}
 i - 2 scrolls of identify {unknown}
 j - a scroll of magic mapping {unknown}
 m - 2 scrolls of teleportation {unknown}
 o - a scroll of recharging {unknown}
 p - a scroll of remove curse {unknown}
 r - 2 scrolls of enchant weapon {unknown}
 t - a scroll of immolation {unknown}
Potions
 q - 2 potions of mutation {unknown}
Comestibles
 f - 2 bread rations {@e1}
 l - a royal jelly {@e3}
 s - 2 meat rations {@e2}


   Skills:
 + Level 3.4 Fighting
 * Level 2.4 Axes
 + Level 3.5 Armour
 + Level 4.4 Shields


You had 2 spell levels left.
You didn't know any spells.

Dungeon Overview and Level Annotations

Branches:
Dungeon (3/15)

Altars:

Annotations:
D:3 Grinder


Innate Abilities, Weirdness & Mutations

You cannot be hasted, slowed, berserked, paralysed or teleported.
You can dig through walls and to a lower floor.
Your four strong arms can wield two-handed weapons with a shield.
You have a pair of large antennae on your head. (SInv)


Message History

Your stasis prevents you from being paralysed.
All of the chunks of flesh in your inventory have rotted away.
You closely miss Grinder.
Grinder is lightly wounded.
You block Grinder's attack. Grinder hits you but does no damage.
You closely miss Grinder.
Grinder is lightly wounded.
Grinder gestures at you. Pain shoots through your body!
You barely miss Grinder.
Grinder is lightly wounded.
Grinder gestures at you. Pain shoots through your body!
* * * LOW HITPOINT WARNING * * *
Grinder hits you.
* * * LOW HITPOINT WARNING * * *
You barely miss Grinder.
Grinder is lightly wounded.
Grinder hits you.
You die...

###.#.#.#.#.#
#...# ... #
#.#.#.####...# ..
...........#.# .
....#.####.#...
.#.#.#.#....#.##.#
.....#.#.##.#.# #
#.#.).#.#.##.#.#
...........#.##.
......5@........
...#.#..........
.. #..###.##.# #
#..# ... . #..#
.##. #..# # # #..#
....


You could see Grinder.

Vanquished Creatures
  An adder (D:2)
  A dart slug (D:1)
  3 bats (D:1)
  2 giant cockroaches (D:2)
  2 goblins
  5 hobgoblins
  A quokka (D:2)
  2 frilled lizards (D:1)
  6 kobolds
  A rat (D:2)
24 creatures vanquished.

Vanquished Creatures (others)
  4 toadstools (D:1)
4 creatures vanquished.

Grand Total: 28 creatures vanquished

Notes
Turn   | Place    | Note
-------+----------+-------------------------------------------
     0 | D:1      | FastMan the Formicid Fighter began the quest for the Orb.
     0 | D:1      | Reached XP level 1. HP: 18/18 MP: 1/1
   126 | D:1      | Reached skill level 4 in Shields
   126 | D:1      | Reached XP level 2. HP: 24/24 MP: 2/2
   505 | D:2      | Reached XP level 3. HP: 29/29 MP: 3/3
   941 | D:3      | Noticed Grinder
   962 | D:3      | Slain by Grinder

Vault maps used:
D:1:      ldierk_walled_garden_2
D:2:      moated_statue
D:3:      uniq_grinder, uniq_iyjb

Skill      XL: |  1 |
---------------+----+-----
Shields        | 4 |  4.4
Fighting       | |  3.4
Axes           | |  2.4
Armour         | |  3.5

Action                   || total
-------------------------++-------
Melee: War axe           ||    95
  Use: Potion            ||     1
Armor: Scale mail        ||    49
Dodge: Dodged            ||    43
Block: Shield            ||    48
